 Dungeon Crawl Stone Soup version 0.29-a0-284-gf9362112df (webtiles) character file.

Game seed: 10702814300897279416

151 cheechan the Digger (level 5, -4/31 HPs)
             Began as an Octopode Earth Elementalist on Mar 30, 2022.
             Was a Believer of Vehumet.
             Slain by a gnoll
             ... wielding a +0 spear
              (10 damage)
             ... on level 3 of the Dungeon.
             The game lasted 00:07:05 (2178 turns).

cheechan the Digger (Octopode Earth Elementalist)   Turns: 2178, Time: 00:07:06

Health: -4/31      AC:  1    Str:  7    XL:     5   Next: 33%
Magic:  2/9        EV: 13    Int: 17    God:    Vehumet [**....]
Gold:   101        SH:  0    Dex: 15    Spells: 3/10 levels left

rFire   . . .      SeeInvis .   c - +0 morningstar
rCold   . . .      Faith    .   (no shield)
rNeg    . . .      Spirit   .   (helmet restricted)
rPois   +          Reflect  .   (no amulet)
rElec   .          Harm     .   k - ring of Winter {rPois rCorr}
rCorr   +          Rampage  .   (no ring)
Will    .....                   (no ring)
Stlth   +++.......              (no ring)
HPRegen 0.10/turn               (no ring)
MPRegen 0.11/turn               (no ring)
                                (no ring)
                                (no ring)

@: no status effects
A: almost no armour, amphibious, 8 rings, camouflage 1, gelatinous body 1,
(nimble swimmer 1), tentacles
a: Renounce Religion


You were on level 3 of the Dungeon.
You worshipped Vehumet.
Vehumet was pleased with you.
You visited 1 branch of the dungeon, and saw 3 of its levels.

You collected 101 gold pieces.

Inventory:

Hand Weapons
 c - a +0 morningstar (weapon)
Missiles
 a - 69 stones
 e - 8 poisoned darts (quivered)
Armour
 l - the +3 cloak of the Tentacled God {Contam Fly rC+ rN+}
   (You found it on level 2 of the Dungeon)

   rC:        It protects you from cold.
   rN:        It protects you from negative energy.
   Fly:       It grants you flight.
   Contam:    It causes magical contamination when unequipped.
Jewellery
 k - the ring of Winter (left tentacle) {rPois rCorr}
   (You found it on level 2 of the Dungeon)

   [ring of resist corrosion]

   rPois:     It protects you from poison.
   rCorr:     It protects you from acid and corrosion.
Scrolls
 f - 2 scrolls of identify {unknown}
 h - 2 scrolls of acquirement {unknown}
 i - 3 scrolls of teleportation {unknown}
 j - a scroll of immolation {unknown}
 n - a scroll of holy word {unknown}
Potions
 b - a potion of magic
 d - a potion of attraction {unknown}
 g - 2 potions of curing {unknown}
 m - a potion of lignification {unknown}


   Skills:
 + Level 0.2 Fighting
 + Level 0.9 Maces & Flails
 + Level 2.1 Dodging
 + Level 3.6 Stealth
 + Level 3.2 Spellcasting
 + Level 0.4 Conjurations
 + Level 1.0 Transmutations
 + Level 0.3 Air Magic
 + Level 4.3 Earth Magic


You had 3 spell levels left.
You knew the following spells:

 Your Spells              Type           Power      Damage    Failure   Level
a - Stone Arrow           Conj/Erth      20%        3d8       19%         3
b - Shock                 Conj/Air       16%        1d4       14%         1
c - Passwall              Tmut/Erth      9%         N/A       9%          2
d - Sandblast             Erth           34%        2d9       3%          1

Your spell library contained the following spells:

 Spells                   Type           Power      Damage    Failure   Level
 Searing Ray              Conj           8%         2d4       22%         2
 Pain                     Necr           8%         1d4       17%         1
 Call Canine Familiar     Summ           2%         N/A       45%         3
 Portal Projectile        Hex/Tloc       4%         N/A       45%         3
 Petrify                  Tmut/Erth      11%        N/A       50%         4
 Leda's Liquefaction      Hex/Erth       5%         N/A       56%         4
 Agony                    Necr           2%         N/A       99%         5
 Excruciating Wounds      Necr           1%         N/A       99%         5


Dungeon Overview and Level Annotations

Branches:
Dungeon (3/15)

Altars:
Vehumet

Annotations:
D:3 Sigmund


Innate Abilities, Weirdness & Mutations

You cannot wear most types of armour.
You are amphibious.
You can wear up to eight rings at the same time.
Your skin changes colour to match your surroundings (Stealth+).
Your rubbery body absorbs attacks. (AC +1, EV +1)
((You are camouflaged when in or above water. (Stealth+)))
You have tentacles for arms and can constrict up to eight enemies at once.


Message History

The gnoll is lightly wounded.
Unknown command.
Casting: Shock (safe; 14% risk of failure)
Confirm with . or Enter, or press ? or * to list all spells.
You don't have enough magic to cast this spell.
Unknown command.
Unknown command.
Casting: Shock (safe; 14% risk of failure)
Confirm with . or Enter, or press ? or * to list all spells.
Aiming: Shock (safe; 14% risk of failure)
Press: ? - help, Shift-Dir - straight line, f - gnoll
Aim: a gnoll, wielding a +0 club (moderately wounded, 69% to hit)
The zap hits the gnoll.
The gnoll is moderately wounded.
Unknown command.
The gnoll misses you.
You puncture the gnoll!
You kill the gnoll!
Vehumet accepts your kill.
The gnoll hits you from afar with a +0 spear.
The gnoll barely misses you. x2
You see here a +0 club.
You barely miss the gnoll. You grab the gnoll.
You squeeze the gnoll, but do no damage.
You constrict the gnoll. The gnoll hits you with a +0 spear. x3
The gnoll misses you.
You barely miss the gnoll. You squeeze the gnoll!
The gnoll is severely wounded.
You constrict the gnoll, but do no damage.
The gnoll hits you with a +0 spear.
* * * LOW HITPOINT WARNING * * *
The gnoll barely misses you.
You sock the gnoll!
You kill the gnoll!
Vehumet accepts your kill.
You feel your power returning. The gnoll misses you.
You closely miss the gnoll. Your grab misses the gnoll.
The gnoll is lightly wounded.
The gnoll hits you with a +0 spear!
You die...

#......# #......#
#......# #......#
###### #......####
#..... #......##.#
##.#... #..).g.#..#
#...... #@###.)#
###.#....
##...#..###...#....
#...........).##..<
..................##...
..................#....
..................#....
.......................
..................##...
..>....................


You could see a gnoll.

Vanquished Creatures
  Jessica (D:3)
  Natasha (D:2)
  4 adders (D:2)
  2 gnolls (D:3)
  A worm (D:2)
  2 dart slugs (D:1)
  4 orcs (D:2)
  3 ball pythons
  An endoplasm (D:1)
  A giant cockroach (D:2)
  2 goblins (D:1)
  3 hobgoblins
  3 quokkas
  5 bats
  2 frilled lizards
  4 rats (D:2)
39 creatures vanquished.

Notes
Turn   | Place    | Note
-------+----------+-------------------------------------------
     0 | D:1      | cheechan the Octopode Earth Elementalist began the quest
                  | for the Orb.
     0 | D:1      | Reached XP level 1. HP: 11/11 MP: 3/3
   281 | D:1      | Found a faded altar of an unknown god.
   297 | D:1      | Reached XP level 2. HP: 17/17 MP: 3/5
   635 | D:1      | Prayed at the altar of an unknown god.
   635 | D:1      | Became a worshipper of Vehumet
   635 | D:1      | Reached * piety under Vehumet
   635 | D:1      | Offered knowledge of Shock by Vehumet.
   638 | D:1      | Learned a level 1 spell: Shock
  1231 | D:2      | Reached XP level 3. HP: 18/21 MP: 2/6
  1406 | D:2      | Reached ** piety under Vehumet
  1564 | D:2      | Identified the +3 cloak of the Tentacled God {Contam Fly
                  | rC+ rN+}
  1565 | D:2      | Noticed Natasha
  1575 | D:2      | Killed Natasha
  1576 | D:2      | Reached XP level 4. HP: 20/27 MP: 0/8
  1578 | D:2      | Offered knowledge of Searing Ray by Vehumet.
  1585 | D:2      | Learned a level 2 spell: Passwall
  1589 | D:2      | Learned a level 3 spell: Stone Arrow
  1596 | D:2      | Identified the ring of Winter {rPois rCorr}
  1921 | D:2      | Reached skill level 4 in Earth Magic
  2120 | D:3      | Noticed Jessica
  2124 | D:3      | Noticed Sigmund
  2156 | D:3      | Killed Jessica
  2157 | D:3      | Reached XP level 5. HP: 26/31 MP: 2/9
  2178 | D:3      | Slain by a gnoll

Illustrated notes

Levels and vault maps discovered:
D:1:      matt_arrival_grand_opening, layout_basic, basic_ecumenical_altar,
          kennysheep_nondescript
D:2:      layout_loops_ring, kennysheep_generic_room_7, uniq_natasha
D:3:      layout_rooms, general_overflow_altar, trog_wizard,
          mainiacjoe_overflow_brackets, nicolae_gozag_seed_capital,
          grunt_decor_fettered, uniq_sigmund, uniq_jessica

Skill      XL: |  1  2  3  4 |
---------------+-------------+-----
Stealth        | 3 |  3.6
Earth Magic    | 4 |  4.3
Spellcasting   | 3 |  3.2
Fighting       | |  0.2
Maces & Flails | |  0.9
Dodging        | |  2.1
Conjurations   | |  0.4
Transmutations | |  1.0
Air Magic      | |  0.3

Action                   |  1- 3 |  4- 6 || total
-------------------------+-------+-------++-------
Melee: Morningstar       |    15 |    13 ||    28
       Constrict         |     8 |     6 ||    14
       Tentacles         |     2 |     4 ||     6
 Cast: Sandblast         |    21 |    11 ||    32
       Shock             |     7 |     6 ||    13
       Stone Arrow       |       |     1 ||     1
 Stab: Sleeping          |     2 |       ||     2
Armor: Skin              |     2 |     2 ||     4
Dodge: Dodged            |    16 |    11 ||    27

Table legend: (Time is in decaauts)
 A = Elapsed time spent in this place.
 B = Non-inter-level travel time spent in this place.
 C = Inter-level travel time spent in this place.
 D = Time resting spent in this place.
 E = Time spent auto-exploring this place.
 F = Levels seen in this place.
 G = Mean time per level.
                   A        B        C        D        E       F      G
               +--------+--------+--------+--------+--------+-----+--------+
         Total |   2189 |   2189 |      0 |    187 |      0 |   3 |  729.7 |
       Dungeon |   2189 |   2189 |      0 |    187 |      0 |   3 |  729.7 |
               +--------+--------+--------+--------+--------+-----+--------+

Top non-repeatable levels by time:
     D:1: 1184 daAuts
     D:2: 931 daAuts
     D:3: 73 daAuts
